 Dungeon Crawl Stone Soup version 0.31.0-32-g396128a36d (webtiles) character file.

Game seed: 12005755476643430802

8383 H0rd4k the Martial Artist (level 11, -11/75 HPs)
             Began as an Octopode Artificer on Apr 4, 2024.
             Was an Initiate of Gozag.
             Mangled by a minotaur
             ... wielding a +6 vampiric lajatang
              (22 damage)
             ... in a Gauntlet.
             The game lasted 00:18:48 (10077 turns).

H0rd4k the Martial Artist (Octopode Artificer)     Turns: 10077, Time: 00:18:49

Health: -11/75     AC:  1    Str: 13    XL:     11   Next: 30%
Magic:  18/18      EV: 24    Int: 29    God:    Gozag
Gold:   667        SH:  0    Dex: 19    Spells: 11/19 levels left

rFire   + + .        L - +7 hammer of Dissent {venom, +Blink rN+ Dex+3}
rCold   . . .        J - orb {mayhem}
rNeg    + . .        (helmet restricted)
rPois   .            (no amulet)
rElec   .            a - ring of resist corrosion
rCorr   +            y - ring of Joimiff {rF+ Str+6 Int+6 Dex-3 Slay-2}
SInv    +            H - ring "Pirah" {Dex+6 Stlth+}
Will    +....        I - ring "Dasmip" {rF+ Str-5 Int+6 SInv Stlth+}
Stlth   +++++        s - +5 ring of evasion
HPRegen 0.32/turn    A - +5 ring of evasion
MPRegen 0.16/turn    K - ring of willpower
                     (no ring)

%: no teleportation, mayhem
@: no status effects
A: almost no armour, amphibious, 8 rings, camouflage 1, gelatinous body 1,
(nimble swimmer 1), tentacles
a: Renounce Religion, Evoke Blink, Potion Petition, Call Merchant, Bribe Branch


You were in a Gauntlet.
You worshipped Gozag.
Gozag was pleased with you.
You visited 2 branches of the dungeon, and saw 12 of its levels.
You also visited: Sewer and Gauntlet.

You collected 1043 gold pieces.
You paid 376 gold pieces to Gozag.

Inventory:

Hand Weapons
 w - a +4 whip
 L - the +7 hammer of Dissent (weapon) {venom, +Blink rN+ Dex+3}
   (You found it on level 7 of the Dungeon)

   Dex+3:     It affects your dexterity (+3).
   rN+:       It protects you from negative energy.
   +Blink:    It lets you blink.
 O - the +1 short sword "Temyhar" {pain, rC+ Will+}
   (You found it on level 10 of the Dungeon)

   rC+:       It protects you from cold.
   Will+:     It increases your willpower.
Missiles
 B - 2 throwing nets
Armour
 J - an orb of mayhem (worn)
Magical Staves
 P - a staff of conjuration
Jewellery
 a - a ring of resist corrosion (left tentacle)
 s - a +5 ring of evasion (on tentacle)
 y - the ring of Joimiff (right tentacle) {rF+ Str+6 Int+6 Dex-3 Slay-2}
   (You found it on level 4 of the Dungeon)

   [ring of strength]

   Str+6:     It affects your strength (+6).
   Int+6:     It affects your intelligence (+6).
   Dex-3:     It affects your dexterity (-3).
   Slay-2:    It affects your accuracy & damage with ranged weapons and melee
   (-2).
   rF+:       It protects you from fire.
 A - a +5 ring of evasion (on tentacle)
 H - the ring "Pirah" (on tentacle) {Dex+6 Stlth+}
   (You found it on level 6 of the Dungeon)

   [ring of dexterity]

   Dex+6:     It affects your dexterity (+6).
   Stlth+:    It makes you more stealthy.
 I - the ring "Dasmip" (on tentacle) {rF+ Str-5 Int+6 SInv Stlth+}
   (You found it on level 7 of the Dungeon)

   [ring of see invisible]

   Str-5:     It affects your strength (-5).
   Int+6:     It affects your intelligence (+6).
   rF+:       It protects you from fire.
   SInv:      It lets you see invisible.
   Stlth+:    It makes you more stealthy.
 K - a ring of willpower (on tentacle)
Talismans
 x - a flux talisman
 N - a maw talisman
Wands
 c - a wand of charming (11)
 f - a wand of paralysis (6)
 t - a wand of digging (7)
 M - a wand of iceblast (12)
Scrolls
 e - a scroll of enchant armour
 h - 4 scrolls of fog
 i - a scroll of noise
 j - 9 scrolls of teleportation
 o - a scroll of immolation
 p - 2 scrolls of enchant weapon
 D - a scroll of poison
 F - 3 scrolls of silence
Potions
 b - 2 potions of magic {unknown}
 g - a potion of invisibility
 l - 2 potions of enlightenment {unknown}
 m - 2 potions of degeneration {unknown}
 n - a potion of might {unknown}
 q - 3 potions of brilliance {unknown}
 u - 3 potions of mutation {unknown}
 z - a potion of resistance {unknown}
 E - a potion of haste {unknown}
 G - a potion of cancellation {unknown}


   Skills:
 + Level 7.3 Fighting
 - Level 4.6 Maces & Flails
 - Level 2.3 Dodging
 - Level 1.3 Stealth
 - Level 13.0 Unarmed Combat
 * Level 4.8 Spellcasting
 + Level 2.8 Summonings
 + Level 2.8 Air Magic
 - Level 3.2 Evocations


You had 11 spell levels left.
You knew the following spells:

 Your Spells              Type           Power      Damage    Failure   Level
a - Shock                 Conj/Air       60%        1d6       3%          1
b - Swiftness             Air            23%        N/A       6%          3
c - Airstrike             Air            11%        2d(2-18)  19%         4

Your spell library contained the following spells:

 Spells                   Type           Power      Damage    Failure   Level
 Mercury Vapours          Alch/Air       30%        N/A       5%          2
 Static Discharge         Conj/Air       30%        3-5/arc   5%          2
 Sting                    Conj/Alch      28%        1d4       6%          1
 Cigotuvi's Dreadful Rot  Necr/Alch/Air  24%        N/A       6%          2
 Fugue of the Fallen      Necr           7%         N/A       19%         3
 Ozocubu's Armour         Ice            7%         N/A       19%         3
 Tukima's Dance           Hex            7%         N/A       19%         3
 Summon Lightning Spire   Summ/Air       23%        N/A       19%         4
 Martyr's Knell           Necr/Summ      15%        N/A       34%         4
 Dispel Undead            Necr           7%         3d8       54%         4
 Manifold Assault         Tloc           7%         N/A       54%         4
 Olgreb's Toxic Radiance  Alch           7%         N/A       54%         4
 Passage of Golubria      Tloc           7%         N/A       54%         4
 Yara's Violent Unravell  Hex/Alch       3%         3d4       87%         5
 Death Channel            Necr           3%         N/A       100%        6


Dungeon Overview and Level Annotations

Branches:
Dungeon (11/15)            Temple (1/1) D:7            Lair (0/5) D:9
    Orc (0/2) D:9           Sewer (visited)         Gauntlet (1/1)

Altars:
Ashenzari
Cheibriados
Dithmenos
Elyvilon
Fedhas
Gozag
Hepliaklqana
Kikubaaqudgha
Makhleb
Nemelex Xobeh
Okawaru
Qazlal
Ru
Sif Muna
Trog
Uskayaw
Vehumet
Wu Jian
Xom
Yredelemnul
Zin
The Shining One

Shops:
D:1 (   D:3 [   D:6 :

Annotations:
D:6 1 transporter, exclusion: 2 downstairs, Gloo1's ghost, novice MiBe
D:7 exclusions: downstairs and komodo dragon
D:8 exclusion: downstairs
D:9 exclusion: downstairs Gauntlet 11 transporters, 3 runed translucent doors, exclusions: 2 lightning spires and oklob plant


Innate Abilities, Weirdness & Mutations

You cannot wear most types of armour.
You are amphibious.
You can wear up to eight rings at the same time.
Your skin changes colour to match your surroundings (Stealth+).
Your rubbery body absorbs attacks. (AC +1, EV +1)
((You are camouflaged when in or above water. (Stealth+)))
You have tentacles for arms and can constrict up to eight enemies at once.


Message History

You hit the minotaur.
The minotaur looks as sick as possible!
The minotaur is moderately wounded.
You constrict the minotaur, but do no damage.
The minotaur completely misses you. x2
You hit the minotaur but do no damage.
The minotaur looks as sick as possible!
The minotaur is moderately wounded.
You constrict the minotaur, but do no damage.
The minotaur barely misses you. The minotaur misses you.
The minotaur completely misses you. The minotaur misses you.
You strike the helpless minotaur from behind!
You hit the minotaur but do no damage.
The minotaur is moderately wounded.
You constrict the minotaur. The minotaur misses you.
The minotaur completely misses you.
You hit the minotaur but do no damage.
The minotaur looks as sick as possible!
The minotaur is moderately wounded.
You constrict the minotaur. The minotaur barely misses you.
The minotaur misses you.
You hit the minotaur.
The minotaur looks as sick as possible!
You tentacle-slap the minotaur, but do no damage.
You squeeze the minotaur.
The minotaur is heavily wounded.
You flicker back into view.
You constrict the minotaur.
The minotaur hits you with a +6 vampiric lajatang!
* * * LOW HITPOINT WARNING * * *
The minotaur gores you!
* * * LOW HITPOINT WARNING * * *
Okay, then.
Okay, then.
You release your grip on the minotaur.
The minotaur throws a silver javelin.
The silver javelin closely misses you.
You feel better.
Unknown command.
As you read the scroll of fear, it crumbles to dust.
You assume a fearsome visage.
The minotaur zombie is unaffected.
The minotaur resists with almost no effort.
The minotaur hits you with a +6 vampiric lajatang!!
You die...
Your body crumbles into a pile of gold.

#.. #...#.8.#©... #
#.#.##.8.#.⌠.#8..© #.
#.#....©.#.8.##### ##'##
#.#.##.8.#...#P.?© #.⌠..
#...##.©.#...#.##.
#...∩##.#.##.8.#.8.##..#
+⌠....Z.#....©.#.∩.##..©
#..⌠.##H#.##.8.#.8.#..##
###+# #@..##.©.#...#.#..
#.#.##.8.#...#.#..
#.#....©.#.8.#####
#.#.##.8.#.⌠.#8..©
#...##...#.8.#©...
######...#...#8..©
#≈≈≈#...#####
##≈###..#...G ###
##.#.###


You could see a minotaur (extremely poisoned) and a minotaur zombie.

Vanquished Creatures
  2 two-headed ogres
  Pikel (D:7)
  A manticore (D:11)
  Maurice (D:8)
  Jeremiah (D:7)
  2 trolls (D:9)
  A hornet (D:10)
  A shadow (D:10)
  A wyvern (D:10)
  A wraith (D:10)
  6 yaks
  2 vampires
  A steam dragon (D:7)
  2 vampire mosquitoes (D:10)
  An acid dragon (D:9)
  Pargi (Sewer)
  A sky beast (D:8)
  An ice beast (D:7)
  An ogre (D:7)
  2 wolves (D:9)
  2 centaurs
  A phantom (D:6)
  A kobold brigand (D:10)
  3 bullfrogs
  2 small abominations (Gauntlet)
  3 scorpions
  9 wights
  5 killer bees (D:9)
  2 electric eels (D:9)
  2 bombardier beetles
  8 hounds
  5 jellies
  3 orc priests (D:7)
  A gnoll bouda (D:6)
  Crazy Yiuf (D:7)
  2 iguanas
  6 orc wizards
  5 gnolls (D:7)
  3 adders
  A river rat (D:4)
  2 white imps
  A dart slug (D:4)
  A ribbon worm (D:3)
  21 orcs
  6 ball pythons
  5 endoplasms
  8 giant cockroaches
  6 goblins
  5 hobgoblins
  3 jackals (D:1)
  2 quokkas
  9 bats
  6 frilled lizards
  20 kobolds
  13 rats
203 creatures vanquished.

Vanquished Creatures (collateral kills)
  A bullfrog (D:7)
  A bombardier beetle (D:7)
  An orc wizard (D:7)
  3 orcs (D:7)
6 creatures vanquished.

Vanquished Creatures (others)
  A hound (D:7)
1 creature vanquished.

Grand Total: 210 creatures vanquished

Notes
Turn   | Place    | Note
-------+----------+-------------------------------------------
     0 | D:1      | H0rd4k the Octopode Artificer began the quest for the Orb.
     0 | D:1      | Reached XP level 1. HP: 13/13 MP: 1/1
   131 | D:1      | Reached skill level 1 in Unarmed Combat
   173 | D:1      | Found Nykeon Eblyp's Weapon Emporium.
   188 | D:1      | Reached XP level 2. HP: 17/18 MP: 2/2
   281 | D:1      | Reached skill level 2 in Unarmed Combat
   412 | D:1      | Reached XP level 3. HP: 20/23 MP: 3/3
  1014 | D:2      | Reached skill level 3 in Unarmed Combat
  1066 | D:2      | Reached XP level 4. HP: 29/29 MP: 4/4
  1228 | D:2      | Found a shimmering altar of Xom.
  1570 | D:3      | Reached skill level 4 in Unarmed Combat
  1570 | D:3      | Reached XP level 5. HP: 18/34 MP: 5/5
  1710 | D:3      | Found Omabronku's Antique Armour Boutique.
  1837 | D:3      | Found a glowing golden altar of the Shining One.
  2104 | D:4      | Found a glowing drain.
  2185 | Sewer    | Entered a sewer
  2186 | Sewer    | Noticed Pargi
  2200 | Sewer    | Killed Pargi
  2201 | Sewer    | Reached skill level 5 in Unarmed Combat
  2201 | Sewer    | Reached XP level 6. HP: 29/39 MP: 6/6
  2773 | D:4      | Identified the ring of Joimiff {rF+ Str+6 Int+6 Dex-3
                  | Slay-2}
  3031 | D:4      | Reached skill level 6 in Unarmed Combat
  3118 | D:4      | Found a burning altar of Makhleb.
  3269 | D:5      | Entered Level 5 of the Dungeon
  3280 | D:5      | Noticed an air elemental
  3298 | D:5      | Found a stormy altar of Qazlal.
  3300 | D:5      | Noticed a water elemental
  3301 | D:5      | Noticed a fire elemental
  3465 | D:5      | Reached XP level 7. HP: 25/45 MP: 7/7
  3662 | D:5      | Found a sparkling altar of Nemelex Xobeh.
  4021 | D:6      | Reached skill level 7 in Unarmed Combat
  4155 | D:6      | Found a transporter.
  4158 | D:6      | Noticed Gloo1's ghost (novice MiBe)
  4164 | D:6      | Identified the +6 dire flail of Floral Watchfulness {flame,
                  | MP+9 Dex+3}
  4164 | D:6      | Identified the +8 dire flail of the Supporting Augurer
                  | {freeze, ^Fragile rElec rF+ Dex+4}
  4164 | D:6      | Noticed a two-headed ogre
  4460 | D:6      | Identified the ring "Pirah" {Dex+6 Stlth+}
  4611 | D:6      | Reached skill level 8 in Unarmed Combat
  4668 | D:6      | Reached XP level 8. HP: 42/52 MP: 8/8
  4758 | D:6      | Found Elaidghus's Book Emporium.
  5033 | D:7      | Noticed Jeremiah
  5048 | D:7      | Killed Jeremiah
  5049 | D:7      | Reached skill level 9 in Unarmed Combat
  5049 | D:7      | Identified the ring "Dasmip" {rF+ Str-5 Int+6 SInv Stlth+}
  5065 | D:7      | Noticed Pikel
  5115 | D:7      | Killed Pikel
  5116 | D:7      | Reached skill level 10 in Unarmed Combat
  5116 | D:7      | Reached XP level 9. HP: 37/57 MP: 9/9
  5260 | D:7      | Reached skill level 11 in Unarmed Combat
  5295 | D:7      | Found a hide-covered altar of Uskayaw.
  5566 | D:7      | Found a staircase to the Ecumenical Temple.
  5602 | Temple   | Entered the Ecumenical Temple
  5613 | Temple   | Became a worshipper of Gozag Ym Sagoz the Greedy
  5715 | D:7      | Found a shimmering blue altar of Sif Muna.
  5718 | D:7      | Found a white marble altar of Elyvilon.
  5719 | D:7      | Noticed a komodo dragon
  6014 | D:7      | Found a runed translucent door.
  6015 | D:7      | Noticed Crazy Yiuf
  6020 | D:7      | Killed Crazy Yiuf
  6026 | D:7      | Identified the +7 hammer of Dissent {venom, +Blink rN+
                  | Dex+3}
  6292 | D:8      | Noticed Maurice
  6298 | D:8      | Killed Maurice
  6299 | D:8      | Reached skill level 1 in Maces & Flails
  6299 | D:8      | Reached skill level 12 in Unarmed Combat
  6495 | D:8      | Noticed a two-headed ogre
  6621 | D:8      | Found a hazy altar of Hepliaklqana.
  6949 | D:8      | Killed a two-headed ogre
  6950 | D:8      | Reached XP level 10. HP: 65/65 MP: 10/10
  7142 | D:8      | Learned a level 1 spell: Shock
  7146 | D:8      | Learned a level 3 spell: Swiftness
  7151 | D:8      | Learned a level 4 spell: Airstrike
  7166 | D:9      | Found a staircase to the Orcish Mines.
  7298 | D:9      | Reached skill level 1 in Summonings
  7298 | D:9      | Reached skill level 1 in Air Magic
  7408 | D:9      | Reached skill level 1 in Spellcasting
  7419 | D:9      | Reached skill level 13 in Unarmed Combat
  7571 | D:9      | Found a staircase to the Lair.
  8050 | D:9      | HP: 3/65 [poisoned by a killer bee]
  8405 | D:9      | Reached skill level 5 in Fighting
  8572 | D:10     | Entered Level 10 of the Dungeon
  8611 | D:10     | Identified the +1 short sword "Temyhar" {pain, rC+ Will+}
  9039 | D:10     | Reached XP level 11. HP: 72/72 MP: 16/16
  9502 | D:10     | Identified the +10 short sword of Vanity {flame, Int+3}
  9542 | D:11     | Noticed a two-headed ogre
  9555 | D:11     | Killed a two-headed ogre
  9573 | D:11     | Noticed a manticore
  9643 | D:11     | Found a gate leading to a gauntlet.
  9654 | D:11     | Killed a manticore
  9665 | Gauntlet | Entered a Gauntlet
  9665 | Gauntlet | Found a transporter.
  9691 | Gauntlet | Found a transporter.
  9695 | Gauntlet | Found a transporter.
  9699 | Gauntlet | Found a runed translucent door.
  9700 | Gauntlet | Found a runed translucent door.
  9703 | Gauntlet | Found a transporter.
  9707 | Gauntlet | Found a transporter.
  9718 | Gauntlet | Found a transporter.
  9719 | Gauntlet | Found a transporter.
  9726 | Gauntlet | Found a runed translucent door.
  9727 | Gauntlet | Noticed a death drake
  9729 | Gauntlet | Found a transporter.
  9732 | Gauntlet | Found a transporter.
  9734 | Gauntlet | Noticed a lightning spire
  9740 | Gauntlet | Found a transporter.
  9767 | Gauntlet | Noticed a lightning spire
  9770 | Gauntlet | Found a transporter.
  9782 | Gauntlet | Found a transporter.
  9785 | Gauntlet | Noticed an oklob plant
  9795 | Gauntlet | Found a transporter.
  9808 | Gauntlet | Found a transporter.
 10056 | Gauntlet | Noticed a minotaur
 10077 | Gauntlet | Mangled by a minotaur

Illustrated notes

Levels and vault maps discovered:
D:1:      minmay_arrival_open_corners, layout_loops_ring, serial_shops, shop
D:2:      layout_basic, basic_altar, chequers_avenue
D:3:      layout_rooms, mainiacjoe_overflow_catwalk, serial_shops, shop
D:4:      layout_gridville, mainiacjoe_overflow_six_doors_small,
          mainiacjoe_sewer_entry_somewhere_in_here_1
D:5:      layout_loops_cross, lemuel_crystal_altar,
          nicolae_qazlal_style_of_elements
D:6:      nicolae_cairo_tiling_large, layout_basic, gammafunk_ghost_smash,
          serial_shops, nicolae_book_shop_shelving
D:7:      layout_cave_pools, mainiacjoe_overflow_boulevard,
          jmf_multi_god_temple, minmay_temple_entry_mini_moons,
          uniq_crazy_yiuf_cottage, uniq_pikel, uniq_jeremiah
D:8:      layout_gridville, mainiacjoe_overflow_alcove_1,
          dreamdust_princess_bridge, uniq_maurice
D:9:      layout_roguey, erik_lair_island, orc_0_dummy
D:10:     layout_loops_ring, nicolae_rejected_hall
D:11:     layout_irregular_city, gauntlet_entry_generic
Temple:   eino_temple_water
Gauntlet: gammafunk_gauntlet_77_escape_option
          [minmay_gauntlet_arena_77_broken_ladder,
          minmay_gauntlet_arena_77_shame_cube,
          minmay_gauntlet_arena_77_squiggly, minmay_gauntlet_arena_77_path,
          minmay_gauntlet_arena_77_radiant_squares, gauntlet_exit_hidden_loot]

Skill      XL: |  1  2  3  4  5  6  7  8  9 10 11 |
---------------+----------------------------------+-----
Unarmed Combat | 1 2 3 4 5 6 8 10 12 13 | 13.0
Fighting       | 2 3 4 5 7 |  7.3
Maces & Flails | 3 4 |  4.6
Summonings     | 2 |  2.8
Air Magic      | 2 |  2.8
Spellcasting   | 3 4 |  4.8
Dodging        | |  2.3
Stealth        | |  1.3
Evocations     | |  3.2

Action                     |  1- 3 |  4- 6 |  7- 9 | 10-12 || total
---------------------------+-------+-------+-------+-------++-------
  Melee: Unarmed           |    95 |   108 |   114 |       ||   317
         Tentacles         |    24 |    27 |    38 |    67 ||   156
         Constrict         |    26 |    22 |    33 |    32 ||   113
         Punch             |     1 |     4 |    15 |    25 ||    45
         Mace              |       |       |    33 |   230 ||   263
   Cast: Swiftness         |       |       |       |     1 ||     1
 Invoke: Potion Petition   |       |       |       |     1 ||     1
  Evoke: Wand              |       |     4 |    35 |    14 ||    53
    Use: Scroll            |       |       |    12 |     5 ||    17
         Potion            |       |       |       |     6 ||     6
   Stab: Sleeping          |     9 |    12 |     4 |     6 ||    31
         Distracted        |       |     1 |       |     2 ||     3
         Paralysed         |       |       |     8 |    26 ||    34
         Invisible         |       |       |       |     5 ||     5
 Armour: Skin              |    43 |    35 |    44 |    91 ||   213
  Dodge: Dodged            |    57 |    41 |   107 |   238 ||   443
